 Dungeon Crawl Stone Soup version 0.29-a0-219-g0a02b1cf4f (webtiles) character file.

Game seed: 13160088943126198400

138 sammy202020 the Skirmisher (level 5, -1/50 HPs)
             Began as a Naga Fighter on Feb 26, 2022.
             Slain by an iron imp (6 damage)
             ... summoned by Natasha
             ... on level 2 of the Dungeon.
             The game lasted 00:06:55 (2608 turns).

sammy202020 the Skirmisher (Naga Fighter)           Turns: 2608, Time: 00:06:56

Health: -1/50      AC:  9    Str: 20    XL:     5   Next: 21%
Magic:  5/5        EV:  7    Int:  8    God:
Gold:   153        SH:  4    Dex: 11    Spells: 4/4 levels left

rFire   . . .      SeeInvis +   a - +0 flail
rCold   . . .      Faith    .   c - +0 buckler
rNeg    . . .      Spirit   .   b - +0 scale mail
rPois   +          Reflect  .   j - +0 helmet
rElec   .          Harm     .   g - +2 cloak {Will+}
rCorr   .          Rampage  .   (no gloves)
Will    +....                   (no barding)
Stlth   ..........              (no amulet)
HPRegen 0.16/turn               (no ring)
MPRegen 0.09/turn               (no ring)

@: very slow
A: AC +1, large, see invisible, deformed body, poison resistance, slowness 2,
spit poison 1, naga tail 1
a: Spit Poison


You were on level 2 of the Dungeon.
You visited 1 branch of the dungeon, and saw 2 of its levels.

You collected 153 gold pieces.

Inventory:

Hand Weapons
 a - a +0 flail (weapon)
Armour
 b - a +0 scale mail (worn)
 c - a +0 buckler (worn)
 g - a +2 cloak of willpower (worn)
 j - a +0 helmet (worn)
Potions
 d - a potion of might
 e - a potion of flight {unknown}
 f - 2 potions of heal wounds {unknown}
 h - a potion of ambrosia {unknown}
 i - 2 potions of curing {unknown}
 m - a potion of attraction {unknown}


   Skills:
 + Level 3.6 Fighting
 + Level 2.8 Maces & Flails
 + Level 3.0 Armour
 + Level 1.4 Dodging
 + Level 3.0 Shields


You had 4 spell levels left.
You didn't know any spells.
Your spell library contained the following spells:

 Spells                   Type           Power      Damage    Failure   Level
 Sandblast                Erth           0%         2d4       83%         1
 Corpse Rot               Necr/Air       0%         N/A       93%         2
 Passwall                 Tmut/Erth      0%         N/A       93%         2
 Poisonous Vapours        Pois/Air       0%         N/A       93%         2
 Portal Projectile        Hex/Tloc       0%         N/A       99%         3
 Stone Arrow              Conj/Erth      0%         3d7       99%         3
 Blade Hands              Tmut           0%         N/A       100%        5
 Excruciating Wounds      Necr           0%         N/A       100%        5


Dungeon Overview and Level Annotations

Branches:
Dungeon (2/15)

Altars:

Annotations:
D:2 Natasha


Innate Abilities, Weirdness & Mutations

Your serpentine skin is tough. (AC +1)
You have supernaturally acute eyesight. (SInv)
Armour fits poorly on your strangely shaped body.
Your system is resistant to poisons. (rPois)
You cover ground very slowly.
You can spit poison.
You have a snake-like lower body.


Message History

Natasha hisses angrily.
Natasha zaps a wand.
The puff of flame hits you!
Natasha zaps a wand.
The puff of flame hits you!
You can't see any hostile targets in range.
Aiming: Spit Poison (1% risk of failure)
Press: ? - help, Q - select action Shift-Dir - straight line, f - Natasha
Aim: Natasha, carrying a wand of flame (6) (50% to hit)
The splash of poison hits Natasha but does no damage.
Natasha is poisoned.
Natasha zaps a wand.
The puff of flame hits you.
Natasha zaps a wand.
The puff of flame hits you.
Natasha casts a spell.
You hit Natasha.
Natasha is moderately wounded.
Natasha claws you.
The iron imp hits you but does no damage.
You block Natasha's attack.
You barely miss the iron imp.
Natasha looks more healthy.
Natasha zaps a wand.
The puff of flame hits you but does no damage.
The iron imp hits you!
* * * LOW HITPOINT WARNING * * *
Okay, then.
Okay, then.
You hit Natasha but do no damage.
Natasha is moderately wounded.
You have got your breath back.
Natasha barely misses you.
The iron imp hits you but does no damage.
You closely miss Natasha.
Natasha is moderately wounded.
Natasha claws you!
* * * LOW HITPOINT WARNING * * *
You block the iron imp's attack.
There are no items here.
You hit the iron imp.
The iron imp is lightly wounded.
Natasha stares at you and mumbles some strange words.
The magic dart hits you but does no damage.
The iron imp hits you.
You die...

..# #......# #.#'##............
..# #......# #.#.##.######.....
### #......####.#.##.# #>....
#..............#.# ######
####........####.# ##
####..........# ##### .#
#..........# #...#
.###########....5.....# #...#
.'.........#....@....## #...#
.###............h....# #...# .#
#................## #...# .#
#................#####...##### .#
#.....................รท.......
.# #.....>..##......#####...#####
.###........##.^....# #...#....
##..........##......#####...#.###
#.##...##'########..............


You could see an iron imp (summoned) and Natasha.

Vanquished Creatures
  Natasha (D:2)
  Terence (D:2)
  An adder (D:2)
  3 dart slugs
  7 ball pythons
  8 endoplasms
  5 giant cockroaches
  12 goblins
  6 hobgoblins
  A jackal (D:1)
  3 kobolds
  4 quokkas
  4 bats
  2 frilled lizards
  3 rats (D:1)
61 creatures vanquished.

Vanquished Creatures (others)
  2 fungi (D:1)
2 creatures vanquished.

Grand Total: 63 creatures vanquished

Notes
Turn   | Place    | Note
-------+----------+-------------------------------------------
     0 | D:1      | sammy202020 the Naga Fighter began the quest for the Orb.
     0 | D:1      | Reached XP level 1. HP: 21/21 MP: 1/1
    70 | D:1      | Reached XP level 2. HP: 28/28 MP: 2/2
   475 | D:1      | Reached XP level 3. HP: 34/34 MP: 3/3
  1090 | D:1      | Reached skill level 1 in Dodging
  1582 | D:2      | Reached XP level 4. HP: 39/42 MP: 4/4
  2038 | D:2      | Noticed Terence
  2043 | D:2      | Killed Terence
  2263 | D:2      | Noticed Natasha
  2269 | D:2      | Killed Natasha
  2270 | D:2      | Reached XP level 5. HP: 36/49 MP: 5/5
  2598 | D:2      | Noticed Natasha
  2608 | D:2      | Slain by an iron imp

Illustrated notes

Levels and vault maps discovered:
D:1:      dpeg_cavernosity, layout_loops_ring, chequers_serial_rivers_large_b,
          minmay_quantized
D:2:      cheibrodos_greedy_goblins, layout_basic, kennysheep_generic_room_15,
          uniq_terence, uniq_natasha

Skill      XL: |  1  2  3  4 |
---------------+-------------+-----
Dodging        | 1 |  1.4
Armour         | 3 |  3.0
Shields        | 3 |  3.0
Fighting       | |  3.6
Maces & Flails | |  2.8

Action                   |  1- 3 |  4- 6 || total
-------------------------+-------+-------++-------
Melee: Flail             |   101 |    61 ||   162
 Abil: Spit Poison       |    12 |    11 ||    23
  Use: Scroll            |     1 |     2 ||     3
Armor: Scale mail        |    67 |    33 ||   100
Dodge: Dodged            |    42 |    18 ||    60
Block: Buckler           |    20 |    14 ||    34

Table legend: (Time is in decaauts)
 A = Elapsed time spent in this place.
 B = Non-inter-level travel time spent in this place.
 C = Inter-level travel time spent in this place.
 D = Time resting spent in this place.
 E = Time spent auto-exploring this place.
 F = Levels seen in this place.
 G = Mean time per level.
                   A        B        C        D        E       F      G
               +--------+--------+--------+--------+--------+-----+--------+
         Total |   3435 |   3221 |    214 |      0 |   2612 |   2 | 1717.5 |
       Dungeon |   3435 |   3221 |    214 |      0 |   2612 |   2 | 1717.5 |
               +--------+--------+--------+--------+--------+-----+--------+

Top non-repeatable levels by time:
     D:1: 1984 daAuts
     D:2: 1451 daAuts
